 Dungeon Crawl Stone Soup version 0.28-a0-664-gc179e30c89 (webtiles) character file.

Game seed: 14861085483065173931

11 spiderkeys the Ducker (level 2, -1/14 HPs)
             Began as a Felid Abyssal Knight on Oct 15, 2021.
             Was a Follower of Lugonu.
             Slain by a gnoll (8 damage)
             ... on level 1 of the Dungeon.
             The game lasted 00:02:07 (705 turns).

spiderkeys the Ducker (Felid Abyssal Knight)         Turns: 705, Time: 00:02:08

Health: -1/14      AC:  1    Str:  9    XL:     2   Next: 13%
Magic:  4/4        EV: 18    Int: 11    God:    Lugonu [*.....]
Gold:   10         SH:  0    Dex: 16    Spells: 1/1 levels left
                                        Lives:  0   Deaths: 0

rFire   . . .      SeeInvis +     - Unarmed
rCold   . . .      Faith    .   (shield unavailable)
rNeg    . . .      Spirit   .   (armour unavailable)
rPois   .          Reflect  .   (helmet unavailable)
rElec   .          Harm     .   (cloak unavailable)
rCorr   .          Rampage  .   (gloves unavailable)
Will    .....                   (boots unavailable)
Stlth   +.........              (no amulet)
HPRegen 0.04/turn               (no ring)
MPRegen 0.09/turn               (no ring)

@: quick
A: very small, claws 1, fangs 3, see invisible, speed 1, shaggy fur 1, stealthy
paws, no weapons or thrown items, no armour, multi-lived
a: Renounce Religion, Depart the Abyss


You were on level 1 of the Dungeon.
You worshipped Lugonu.
Lugonu was aware of your devotion.
You visited 1 branch of the dungeon, and saw 1 of its levels.
You visited the Abyss 1 time.

You collected 10 gold pieces.


Innate Abilities, Weirdness & Mutations

You have sharp claws.
You have razor-sharp teeth.
You have supernaturally acute eyesight. (SInv)
You cover ground quickly. (Speed+)
You are covered in fur. (AC +1)
Your paws help you pounce on unaware monsters.
You are incapable of wielding weapons or throwing items.
You cannot wear armour.
You gain extra lives every three experience levels.


   Skills:
 + Level 3.1 Fighting
 + Level 3.4 Dodging
 + Level 2.2 Unarmed Combat
 + Level 2.0 Invocations


You had one spell level left.
You didn't know any spells.
Your spell library was empty.

Inventory:

Jewellery
 T - an amulet of faith {!P}
   (You found it on level 1 of the Dungeon)
Scrolls
 c - a scroll of teleportation {@r4}

Dungeon Overview and Level Annotations

Branches:
Dungeon (1/15)

Altars:

##### ####...# #....#.##
###.##....######
##.#...P≈@..P....
#######..#.P..gbP..#####
##.........#.......P.....
.......##..#.≈..⌠.......
#.....[....#PP..⌠PP.##.#
#......##..#≈P.P...P# #
.......##..P#.#..#..#
..........P.#_#..#..#
..#####.#.P.######..####.


You could see a gnoll and a bat.


Message History

A kobold is nearby!
You see here a +0 hand axe.
A kobold is nearby!
The kobold shouts!
The kobold barely misses you.
You scratch the kobold.
You kill the kobold!
Lugonu accepts your kill.
You see here a +0 club.
Found a stone staircase leading down. 😎 HP[+9]
Your hp is fully restored (14).
Found a glowing dagger.
There is a stone staircase leading down here.
There is a stone staircase leading down here.
You see here a +0 hand axe.
A gnoll comes into view. It is wielding a +0 spear.
No reachable target in view!
As you read the scroll labelled KAJ ZIVVADY, it crumbles to dust.
It is a scroll of amnesia.
You feel forgetful for a moment.
As you read the scroll labelled ISCHUG BITOWNA, it crumbles to dust.
It is a scroll of identify.
c - a scroll of teleportation You can't go down here!
The gnoll shouts!
A gnoll is nearby!
A gnoll is nearby!
No reachable target in view!
No reachable target in view!
No reachable target in view!
You scratch the plant.
The plant begins to die.
You scratch the plant. You bite the plant. You scratch the plant.
You scratch the plant. You scratch the plant. You bite the plant.
A nearby plant withers and dies.
A bat comes into view.
Found a faded altar of an unknown god.
The gnoll hits you from afar with a +0 spear. 😮 HP[-5]
You take 5 damage, and now have 9/14 hp.
MASSIVE DAMAGE!! (PAUSE)
Something hits the plant!
The plant begins to die.
The bat closely misses you. 😮 HP[+1]
The bat misses you. The bat barely misses you.
You scratch the plant.
The plant begins to die.
The bat closely misses you.
A nearby plant withers and dies.
The bat completely misses you. The bat closely misses you.
The bat barely misses you. The bat barely misses you. The bat misses you.
You miss the bat. The bat hits you. 😮 HP[-1]
You take 1 damage, and now have 9/14 hp.
The bat barely misses you. The bat misses you.
You scratch the bat but do no damage. The bat completely misses you.
The bat hits you but does no damage.
You aren't carrying any items that you can evoke.
Okay, then.
It was a potion of cancellation.
You feel magically purged. The bat closely misses you.
The bat completely misses you.
You see here a +0 club.
The bat closely misses you. The bat hits you. 😮 HP[-1]
You take 1 damage, and now have 8/14 hp.
The bat completely misses you. The bat misses you.
The bat completely misses you. The bat hits you.
* * * LOW HITPOINT WARNING * * *
The bat closely misses you. 😨 HP[-1]
You take 1 damage, and now have 7/14 hp.
The bat closely misses you.
You are too injured to fight recklessly!
You closely miss the bat. Your bite misses the bat. The bat misses you.
The bat closely misses you. 😮 HP[+1]
You scratch the bat. The bat barely misses you. The bat closely misses you.
The bat completely misses you. The bat closely misses you.
The bat completely misses you.
There is a dry fountain here.
You closely miss the bat. The bat barely misses you.
There is a dry fountain here.
The bat misses you.
You miss the bat. The bat barely misses you. The bat closely misses you.
The bat hits you but does no damage. The bat hits you but does no damage.
You see here an amulet of faith {!P}.
T - an amulet of faith {!P} The bat hits you.
* * * LOW HITPOINT WARNING * * *
😨 HP[-1]
You take 1 damage, and now have 7/14 hp.
The bat misses you. The gnoll hits you with a +0 spear!
Ouch! That really hurt!
You die...

Skill      XL: |  1 |
---------------+----+-----
Invocations    | 2 |  2.0
Fighting       | |  3.1
Dodging        | |  3.4
Unarmed Combat | |  2.2

Action                   || total
-------------------------++-------
Melee: Unarmed           ||    34
       Bite              ||     3
  Use: Scroll            ||     2
       Potion            ||     1
Armor: Skin              ||     3
Dodge: Dodged            ||    50

Levels and vault maps discovered:
D:1:      ncdulo_lavacross, layout_loops_ring,
          shapermc_ecumenical_altar_mp_ritualfount, dk_noncrumbling_2

Notes
Turn   | Place    | Note
-------+----------+-------------------------------------------
     0 | Abyss:1  | spiderkeys the Felid Abyssal Knight began the quest for the
                  | Orb.
     0 | Abyss:1  | Reached XP level 1. HP: 10/10 MP: 3/3
     0 | Abyss:1  | magus.rc [v1.9.10]
    24 | D:1      | You pass through the gate.
    24 | D:1      | Escaped the Abyss
   231 | D:1      | Reached skill level 2 in Invocations
   239 | D:1      | HP: 2/10 [giant cockroach (2)]
   242 | D:1      | Reached XP level 2. HP: 4/14 MP: 4/4
   657 | D:1      | Found a faded altar of an unknown god.
   705 | D:1      | Slain by a gnoll

Vanquished Creatures
  2 ball pythons (D:1)
  A giant cockroach (D:1)
  3 hobgoblins (D:1)
  2 kobolds (D:1)
  A frilled lizard (D:1)
9 creatures vanquished.

Vanquished Creatures (others)
  5 plants (D:1)
5 creatures vanquished.

Grand Total: 14 creatures vanquished

Table legend:
 A = Non-vault XP
 B = Vault XP
 C = Vault XP percentage of total XP
 D = Non-vault monster count
 E = Vault monster count
 F = Vault count percentage of total count
                 A         B        C        D         E       F
            +---------+---------+-------+---------+---------+-------
      Total |      16 |       0 |   0.0 |       9 |       0 |   0.0
            +---------+---------+-------+---------+---------+-------
        D:1 |      16 |       0 |   0.0 |       9 |       0 |   0.0
            +---------+---------+-------+---------+---------+-------

Illustrated notes

Table legend:
 A = Kills in this place as a percentage of kills in entire the game.
 B = Kills by you in this place as a percentage of kills by you in the entire game.
 C = Kills by friends in this place as a percentage of kills by friends in the entire game.
 D = Other kills in this place as a percentage of other kills in the entire game.
 E = Experience gained in this place as a percentage of experience gained in the entire game.
 F = Experience gained in this place divided by the number of levels of this place that you have seen.
                   A       B       C       D       E      F
               +-------+-------+-------+-------+-------+----------------------
         Total | 100.0 | 100.0 |   N/A |   N/A | 100.0 |   8.0
       Dungeon | 100.0 | 100.0 |   N/A |   N/A | 100.0 |  16.0
               +-------+-------+-------+-------+-------+----------------------

Table legend: (Time is in decaauts)
 A = Elapsed time spent in this place.
 B = Non-inter-level travel time spent in this place.
 C = Inter-level travel time spent in this place.
 D = Time resting spent in this place.
 E = Time spent auto-exploring this place.
 F = Levels seen in this place.
 G = Mean time per level.
                   A        B        C        D        E       F      G
               +--------+--------+--------+--------+--------+-----+--------+
         Total |    633 |    633 |      0 |      0 |    504 |   2 |  316.5 |
       Dungeon |    614 |    614 |      0 |      0 |    494 |   1 |  614.0 |
         Abyss |     19 |     19 |      0 |      0 |     10 |   1 |   19.0 |
               +--------+--------+--------+--------+--------+-----+--------+

Top non-repeatable levels by time:
     D:1: 614 daAuts
 Abyss:1: 19 daAuts
